 Dungeon Crawl Stone Soup version 0.22-a0-456-g11ed031617 (webtiles) character file.

414118 Kriby the Sniper (level 22, -28/201 HPs)
             Began as a Centaur Hunter on June 7, 2018.
             Was the Champion of Okawaru.
             Killed from afar by a fire dragon (45 damage)
             ... with a blast of flame
             ... on level 15 of the Dungeon.
             The game lasted 02:14:37 (64925 turns).

Kriby the Sniper (Centaur Hunter)                  Turns: 64925, Time: 02:14:38

Health: -28/201    AC: 40    Str: 22    XL:     22   Next: 20%
Magic:  34/34      EV: 14    Int: 10    God:    Okawaru [******]
Gold:   3760       SH:  0    Dex: 16    Spells: 21/21 levels left

rFire    . . .     SeeInvis +   a - +4 triple crossbow (venom)
rCold    + . .     Gourm    .   (shield currently unavailable)
rNeg     . . .     Faith    .   g - +14 plate armour "Ziots" {*Contam SInv Stlth+}
rPois    +         Spirit   .   E - +0 mask of the Dragon {MR+ Slay+3 SInv}
rElec    +         Reflect  .   H - +2 cloak
rCorr    .         Harm     .   (no gloves)
MR       ++...                  j - +3 centaur barding of the Ban {Regen+ Str+3}
Stlth    ..........             Z - amulet of the Air {Inacc +Fly rElec EV+5 RMsl}
HPRegen  0.83/turn              c - ring of protection from cold
MPRegen  0.24/turn              o - ring of poison resistance

@: about to teleport, studying Conjurations, repel missiles, very quick
A: large, hooves 3, deformed body, speed 2, high mp 1, mutation resistance 1,
tough skin 3
}: 3/15 runes: barnacled, silver, gossamer
a: Heroism, Finesse, Renounce Religion, Evoke Flight


You were on level 15 of the Dungeon.
You worshipped Okawaru.
Okawaru was exalted by your worship.
You were not hungry.

You visited 7 branches of the dungeon, and saw 37 of its levels.
You also visited: Ice Cave.

You collected 5386 gold pieces.
You spent 1626 gold pieces at shops.

Inventory:

Hand Weapons
 a - a +4 triple crossbow of venom (weapon)
 b - the +8 quarterstaff of Zeosowym {freeze, rElec rF+ MR+ MP+9}
   (You found it on level 5 of the Lair of Beasts)

   It has been specially enchanted to freeze those struck by it, causing extra
   injury to most foes and up to half again as much damage against particularly
   susceptible opponents.
   It can also slow down cold-blooded creatures.
   It protects you from fire.
   It insulates you from electricity.
   It affects your resistance to hostile enchantments.
   It affects your magic capacity (+9).
 F - a +2 broad axe of holy wrath
Missiles
 d - 874 bolts (quivered)
 z - 7 throwing nets {!f}
Armour
 g - the +14 plate armour "Ziots" (worn) {*Contam SInv Stlth+}
   (You found it on level 5 of the Vaults)

   It lets you see invisible.
   It causes magical contamination when unequipped.
   It makes you more stealthy.
 j - the +3 centaur barding of the Ban (worn) {Regen+ Str+3}
   (Okawaru gifted it to you on level 1 of the Lair of Beasts)

   It affects your strength (+3).
   It increases your rate of regeneration.
 B - the +6 centaur barding of Sefi {MR+}
   (Okawaru gifted it to you on level 4 of the Lair of Beasts)

   It affects your resistance to hostile enchantments.
 E - the +0 mask of the Dragon (worn) {MR+ Slay+3 SInv}
   (You found it on level 3 of the Shoals)

   It affects your accuracy and damage with ranged weapons and melee attacks
   (+3).
   It affects your resistance to hostile enchantments.
   It lets you see invisible.
 H - a +2 cloak (worn)
 O - +4 fire dragon scales
 P - a +0 hat of magic resistance
 U - +1 gold dragon scales
Jewellery
 c - a ring of protection from cold (left hand)
 f - an uncursed ring of protection from fire
 i - an uncursed ring of see invisible
 m - an uncursed ring of protection from magic
 o - a ring of poison resistance (right hand)
 r - an uncursed ring of resist corrosion
 v - a +4 ring of evasion
 Z - the amulet of the Air (around neck) {Inacc +Fly rElec EV+5 RMsl}
   (You found it on level 5 of the Vaults)

   [amulet of inaccuracy]

   It reduces the accuracy of all your attacks.
   It affects your evasion (+5).
   It insulates you from electricity.
   It lets you fly.
   It protects you from missiles.
Wands
 p - a wand of paralysis (27)
 I - a wand of iceblast (21) {@v4}
 L - a wand of flame (45)
 W - a wand of digging (28) {@v1}
 Y - a wand of scattershot (9) {@v5}
Scrolls
 e - 4 scrolls of magic mapping
 h - 2 scrolls of immolation
 k - 10 scrolls of identify {@r1}
 n - 12 scrolls of amnesia
 t - 14 scrolls of remove curse {@r2}
 w - 10 scrolls of teleportation {@r3}
 y - 6 scrolls of fog
 D - a scroll of summoning
 G - 9 scrolls of holy word
Potions
 l - 2 potions of might {@q4}
 q - 2 potions of haste {@q3}
 u - 3 potions of curing {@q1}
 A - 3 potions of ambrosia
 C - 2 potions of mutation
 K - a potion of flight
 R - 4 potions of berserk rage
 S - 2 potions of magic
 T - a potion of cancellation
 V - 10 potions of brilliance
 X - a potion of agility {@q5}
Books
 J - a manual of Conjurations
Miscellaneous
 s - a phantom mirror
 N - a lamp of fire
 Q - 2 boxes of beasts
Comestibles
 x - 66 rations {@e1}


   Skills:
 + Level 17.9 Fighting
   Level 6.6 Polearms
 * Level 25.6 Crossbows
 - Level 12.7 Armour
 - Level 12.7 Dodging
 - Level 0.5 Stealth
 - Level 12.0 Invocations


You had 21 spell levels left.
You didn't know any spells.
Your spell library contained the following spells:

 Spells                   Type           Power        Failure   Level  Hunger
 Magic Dart               Conj           #...         99%         1    ##.....
 Apportation              Tloc           #.....       99%         1    ##.....
 Conjure Flame            Conj/Fire      #.......     100%        3    ####...
 Bolt of Cold             Conj/Ice       #.........   100%        6    #######
 Slow                     Hex            #.......     99%         2    ###....
 Invisibility             Hex            #.......     100%        6    #######
 Freezing Cloud           Conj/Ice/Air   #.........   100%        6    #######
 Mephitic Cloud           Conj/Pois/Air  #.......     100%        3    ####...
 Summon Small Mammal      Summ           #...         99%         1    ##.....
 Blink                    Tloc           N/A          99%         2    ###....
 Animate Dead             Necr           N/A          100%        4    #####..
 Pain                     Necr           #...         99%         1    ##.....
 Animate Skeleton         Necr           N/A          99%         1    ##.....
 Ozocubu's Refrigeration  Ice            #.........   100%        6    #######
 Summon Ice Beast         Ice/Summ       #.......     100%        4    #####..
 Call Imp                 Summ           #.......     99%         2    ###....
 Regeneration             Chrm/Necr      #.........   100%        3    ####...
 Tukima's Dance           Hex            #.......     100%        3    ####...
 Swiftness                Chrm/Air       #.......     99%         2    ###....
 Recall                   Summ/Tloc      N/A          100%        3    ####...
 Agony                    Necr           #.......     100%        5    ######.
 Ice Form                 Ice/Tmut       #.......     100%        4    #####..
 Death Channel            Necr           #.........   100%        6    #######
 Deflect Missiles         Chrm/Air       #.........   100%        6    #######
 Shadow Creatures         Summ           N/A          100%        6    #######
 Confusing Touch          Hex            #.....       99%         1    ##.....
 Call Canine Familiar     Summ           #.......     100%        3    ####...
 Ensorcelled Hibernation  Hex/Ice        #.....       99%         2    ###....
 Metabolic Englaciation   Hex/Ice        #.........   100%        5    ######.
 Summon Butterflies       Summ           #.......     99%         1    ##.....
 Silence                  Hex/Air        #.........   100%        5    ######.
 Alistair's Intoxication  Tmut/Pois      #.......     100%        5    ######.
 Simulacrum               Ice/Necr       #.........   100%        6    #######
 Conjure Ball Lightning   Conj/Air       #.........   100%        6    #######
 Excruciating Wounds      Chrm/Necr      #.........   100%        5    ######.
 Tornado                  Air            #.........   100%        9    #######
 Darkness                 Hex            #.........   100%        6    #######
 Shroud of Golubria       Chrm/Tloc      #.........   99%         2    ###....
 Infusion                 Chrm           #...         99%         1    ##.....
 Song of Slaying          Chrm           #.......     99%         2    ###....
 Spectral Weapon          Hex/Chrm       #.......     100%        3    ####...
 Summon Lightning Spire   Summ/Air       #.......     100%        4    #####..
 Summon Guardian Golem    Hex/Summ       #.......     100%        3    ####...
 Lesser Beckoning         Tloc           #.........   100%        3    ####...
 Borgnjor's Vile Clutch   Necr/Erth      #.........   100%        5    ######.


Dungeon Overview and Level Annotations

Branches:
Dungeon (15/15)            Temple (0/1) D:6            Lair (6/6) D:8
 Shoals (4/4) Lair:2       Spider (4/4) Lair:2        Slime (0/5) Lair:6
    Orc (2/2) D:11            Elf (0/3) Orc:2        Vaults (5/5) D:13
  Crypt (0/3) Vaults:3     Depths (1/5) D:15

Altars:
Ashenzari
Cheibriados
Fedhas
Gozag
Hepliaklqana
Makhleb
Okawaru
Qazlal
Sif Muna
Trog
Vehumet
Xom
Zin
Beogh
Jiyva

Shops:
D:5 *==   D:8 ?   Orc:1 [   Orc:2 %%(}   Shoals:4 [   Vaults:4 *(

Portals:
Pandemonium: Orc:2

Annotations:
Lair:2 1 exclusion
Lair:6 1 runed door
Spider:4 exclusion: door


Innate Abilities, Weirdness & Mutations

You have hooves in place of feet.
Armour fits poorly on your strangely shaped body.
You cover ground very quickly.
You have extremely tough skin. (AC +3)
You have an increased reservoir of magic. (+10% MP)
You are somewhat resistant to further mutation.


Message History

The bolt hits the fire dragon but does no damage.
The fire dragon is poisoned.
The fire dragon is lightly wounded.
You feel very sick. The fire dragon bites you!
* * * LOW HITPOINT WARNING * * *
The fire dragon misses you. The fire dragon closely misses you.
Okay, then.
As you read the scroll of teleportation {@r3}, it crumbles to dust.
You feel strangely unstable.
You feel sick. The fire dragon breathes flames at you.
The blast of flame hits you!
* * * LOW HITPOINT WARNING * * *
You feel better.
The fire dragon bites you but does no damage.
The fire dragon claws you but does no damage.
The fire dragon barely misses you. The fire dragon breathes flames at you.
The blast of flame hits you!
You die...

#######...##.###..............#..
##..........................#.#..
.####.....##.####....#......#.#..
..##..###....# #...[........#.###
####### ####.# #.....#.?...##.##
#....# #.###.####.###..##..#
.....## #..##.#>†.#...#.###.##
.#....## #####.#)(...##..# #...
#...#..### #....@#(..#.##.## ###.
#...##...###..#.#(#.#..#..####...
....####.).#.#..)#D...(#.........
....# ###)#.....#.#####...<.#...
...## #...#..⌠#...........#...
...# ####[####...........####
...#######..(#......#####....#
..........(.........# #....#
...#######...#..##### ######


You could see a fire dragon.

Vanquished Creatures
  Margery (Vaults:5)
  Nikola (Shoals:3)
  A golden dragon (Vaults:5)
  Arachne (Spider:4)
  4 tentacled monstrosities (Vaults:5)
  3 titans (Vaults:5)
  Polyphemus (Shoals:2)
  A kraken (Shoals:2)
  Frances (Spider:1)
  A quicksilver dragon (Vaults:4)
  Gastronok (D:8)
  A storm dragon (Vaults:4)
  A sphinx (Vaults:1)
  3 tengu reavers
  Ilsuiw (Shoals:4)
  Donald (Spider:2)
  3 fire giants
  5 frost giants
  Louise (Spider:2)
  A deep elf sorcerer (Vaults:5)
  3 iron dragons (Vaults:5)
  6 emperor scorpions
  6 ghost moths (Spider:4)
  16 vault wardens
  An orc warlord (Orc:1)
  Aizul (D:15)
  2 war gargoyles (Vaults:5)
  The ghost of MirrMurr the Imperceptible, an adept SpEn of Okawaru (Spider:3)
  16 ironheart preservers
  9 stone giants
  19 very ugly things
  2 entropy weavers
  A deep elf annihilator (Vaults:5)
  A spark wasp (Spider:4)
  A dire elephant (Lair:6)
  12 ettins
  7 merfolk javelineers
  3 fire dragons
  A crystal guardian (Vaults:4)
  Josephine (Spider:1)
  A great orb of eyes (Vaults:1)
  3 deep elf high priests (Vaults:5)
  Erolcha (Orc:1)
  7 yaktaur captains
  5 merfolk impalers
  6 hydras
  4 ice dragons
  Harold (Lair:1)
  A rakshasa (Vaults:3)
  34 vault guards
  2 death knights
  3 alligator snapping turtles
  3 catoblepae
  4 merfolk avatars
  6 centaur warriors
  12 ogre magi
  5 merfolk aquamancers
  37 two-headed ogres
  4 satyrs
  3 deep troll earth magi
  A dancing weapon (Vaults:5)
  2 deep troll shamans (Vaults:2)
  16 death yaks
  3 tengu warriors
  The ghost of Banto the Martial Artist, a novice OpTm of Cheibriados (D:9)
  6 hell knights (Vaults:5)
  10 orc high priests
  A soul eater (Orc:2)
  4 deep elf knights
  15 skeletal warriors
  A sixfirhy (Orc:2)
  9 sea snakes
  A titan skeleton (Vaults:3)
  15 deep trolls
  An infernal demonspawn (Orc:2)
  A flayed ghost (Vaults:5)
  A death drake (shapeshifter) (Vaults:5)
  A sea snake (shapeshifter) (Vaults:4)
  3 wizards
  2 torturous demonspawn (Orc:2)
  3 phantasmal warriors
  2 deep elf archers (Vaults:4)
  10 ironbrand convokers
  2 lindwurms (Lair:6)
  22 harpies
  Pikel (D:8)
  22 ugly things
  21 orc knights
  A wolf spider zombie (D:15)
  2 necromancers (Vaults:5)
  9 cyclopes
  27 wolf spiders
  10 orb spiders
  17 fauns
  8 orc sorcerers
  A stone giant zombie (Vaults:5)
  9 deep elf magi
  A human zombie (Vaults:5)
  11 manticores
  2 tengu skeletons (Vaults:3)
  2 fire giant zombies (Vaults:5)
  A moth of wrath (Spider:4)
  10 merfolk sirens
  A cyclops (shapeshifter) (Vaults:5)
  11 elephants
  Maurice (D:11)
  Psyche (D:8)
  6 black mambas
  7 torpor snails
  6 ice statues
  6 water nymphs
  An orange demon (Orc:2)
  19 vault sentinels
  A gargoyle (D:13)
  17 spiny frogs
  2 rime drakes
  19 yaktaurs
  2 centaur skeletons
  8 demonic crawlers
  3 kobold demonologists (D:15)
  11 komodo dragons
  5 freezing wraiths
  A red devil (Orc:2)
  2 efreet
  A hellwing (Orc:2)
  A yaktaur skeleton (Vaults:3)
  41 jumping spiders
  A queen bee (Lair:4)
  14 trolls
  21 merfolk
  A jumping spider (shapeshifter) (Vaults:3)
  A tengu conjurer (D:15)
  3 meliai
  3 polar bears
  17 hornets
  A slime creature (shapeshifter) (Vaults:5)
  A sphinx simulacrum (Vaults:3)
  2 wind drakes (Shoals:4)
  6 blink frogs
  A tengu simulacrum (Vaults:3)
  3 tyrant leeches (Lair:6)
  5 slime creatures (D:13)
  14 dream sheep
  A blink frog (shapeshifter) (D:14)
  12 hippogriffs
  5 snapping turtles
  A raiju (shapeshifter) (Vaults:1)
  64 redbacks
  2 dire elephant simulacra (IceCv)
  20 tarantellas
  A redback (shapeshifter) (Vaults:5)
  8 wraiths
  An ettin skeleton (Vaults:3)
  A tarantella (shapeshifter) (Vaults:3)
  6 water elementals
  3 wyverns
  56 yaks
  A vampire (D:13)
  3 basilisks
  A neqoxec (Orc:2)
  2 chaos spawn
  4 vampire mosquitoes (D:15)
  A hungry ghost (D:13)
  2 harpy simulacra (IceCv)
  A yaktaur simulacrum (Vaults:2)
  A human simulacrum (Vaults:1)
  An iron troll simulacrum (IceCv)
  3 hydra simulacra (IceCv)
  6 wargs
  A warg (shapeshifter) (D:15)
  5 acid dragons
  5 porcupines
  11 water moccasins
  A floating eye (shapeshifter) (D:15)
  67 orc warriors
  2 deep troll skeletons (Vaults:3)
  5 sky beasts
  11 ice beasts
  4 black bears
  2 phantoms
  A necrophage (D:6)
  2 ettin simulacra
  An eye of draining (D:11)
  5 boggarts (Vaults:2)
  24 wolves
  6 human skeletons (Vaults:3)
  25 ogres
  An elf skeleton (Vaults:3)
  16 centaurs
  8 crocodiles
  7 big kobolds
  23 bullfrogs
  3 wyvern skeletons
  4 scorpions
  41 killer bees
  6 wights
  5 electric eels
  3 howler monkeys (D:9)
  7 crimson imps
  3 centaur zombies
  A quasit (D:12)
  2 bullfrog zombies
  An iron imp (D:8)
  9 hounds
  51 orc priests
  A gnoll shaman (Orc:2)
  3 jellies
  30 orc wizards
  4 iguanas
  6 hell rats
  6 worker ants
  2 hound zombies
  2 hound skeletons
  2 worker ant zombies
  A howler monkey skeleton (D:8)
  13 adders
  9 gnolls
  4 shadow imps
  An ooze (D:2)
  2 worms
  2 dart slugs
  7 leopard geckos
  114 orcs
  A ball python (D:1)
  7 bats
  10 giant cockroaches
  14 goblins
  5 hobgoblins
  15 jackals
  8 quokkas
  2 frilled lizards
  3 jackal skeletons
  28 kobolds
  A leopard gecko zombie (D:5)
  A quokka skeleton (D:5)
  6 rats
  4 plants
  2 tentacles (Shoals:2)
1731 creatures vanquished.

Vanquished Creatures (others)
  A stone giant (Vaults:5)
  A centaur warrior (Vaults:2)
  A merfolk aquamancer (Shoals:4)
  A yaktaur (Vaults:4)
  3 slaves
  An orc (D:11)
  25 fungi
  27 plants
  2 tentacles (Shoals:2)
62 creatures vanquished.

Grand Total: 1793 creatures vanquished

Notes
Turn   | Place    | Note
-------+----------+-------------------------------------------
     0 | D:1      | Kriby the Centaur Hunter began the quest for the Orb.
     0 | D:1      | Reached XP level 1. HP: 17/17 MP: 1/1
    91 | D:1      | Reached XP level 2. HP: 24/24 MP: 2/2
   523 | D:1      | Reached XP level 3. HP: 23/30 MP: 3/3
   811 | D:1      | Reached skill level 5 in Crossbows
  1407 | D:2      | Reached XP level 4. HP: 35/37 MP: 4/4
  1463 | D:2      | Reached skill level 1 in Armour
  1771 | D:3      | Found a bloodstained altar of Trog.
  1874 | D:3      | Found an iron altar of Okawaru.
  1874 | D:3      | Found an opulent altar of Gozag.
  2623 | D:3      | Became a worshipper of Warmaster Okawaru
  2747 | D:3      | Reached XP level 5. HP: 26/44 MP: 5/5
  2930 | D:3      | Found a glowing silver altar of Zin.
  3168 | D:4      | Found a stormy altar of Qazlal.
  3617 | D:4      | Reached skill level 6 in Crossbows
  4371 | D:4      | Got an amber-encrusted ring mail
  4375 | D:4      | Identified the +1 ring mail of Disguise {rF+ Int+4} (You found it on level 4 of the Dungeon)
  4520 | D:5      | Entered Level 5 of the Dungeon
  4532 | D:5      | Reached XP level 6. HP: 51/51 MP: 6/6
  4788 | D:5      | Found Maufedgh's Jewellery Boutique.
  4799 | D:5      | Bought a cursed ring of loudness for 54 gold pieces
  5042 | D:5      | Found Zuumit's Jewellery Emporium.
  5048 | D:5      | Bought a cursed -3 ring of slaying for 22 gold pieces
  5066 | D:5      | Reached * piety under Okawaru
  5066 | D:5      | Reached XP level 7. HP: 37/58 MP: 7/7
  5275 | D:5      | Reached skill level 7 in Crossbows
  5439 | D:5      | Found Dunwysot's Assorted Antiques.
  5442 | D:5      | Bought 2 puce potions for 45 gold pieces
  5442 | D:5      | Bought an orange potion for 22 gold pieces
  5442 | D:5      | Bought a cyan potion for 22 gold pieces
  6420 | D:6      | Found a deep blue altar of Sif Muna.
  6428 | D:6      | Reached XP level 8. HP: 67/67 MP: 8/8
  6482 | D:6      | Reached skill level 8 in Crossbows
  6841 | D:6      | Reached ** piety under Okawaru
  6951 | D:6      | Found a hazy altar of Hepliaklqana.
  6952 | D:6      | Found a shimmering altar of Xom.
  6953 | D:6      | Noticed a spectral ugly thing
  7028 | D:6      | Reached skill level 5 in Fighting
  7454 | D:6      | Identified the cursed +1 scale mail "Azoacleo" {rN+ Str+5} (You found it on level 6 of the Dungeon)
  7770 | D:6      | Found a staircase to the Ecumenical Temple.
  7858 | D:7      | Reached skill level 9 in Crossbows
  8137 | D:7      | Reached *** piety under Okawaru
  8172 | D:7      | Reached XP level 9. HP: 71/74 MP: 7/9
  8235 | D:7      | Found a shattered altar of Ashenzari.
  9564 | D:8      | Reached skill level 10 in Crossbows
  9612 | D:8      | Received a gift from Okawaru
  9688 | D:8      | Found a radiant altar of Vehumet.
  9748 | D:8      | Noticed Pikel
  9776 | D:8      | Killed Pikel
  9776 | D:8      | Received a gift from Okawaru
  9824 | D:8      | Found a staircase to the Lair.
 10138 | D:8      | Found a shimmering altar of Xom.
 10144 | D:8      | Found Geocolib's Magic Scroll Shoppe.
 10150 | D:8      | Noticed Psyche
 10191 | D:8      | Killed Psyche
 10191 | D:8      | Reached **** piety under Okawaru
 10191 | D:8      | Reached skill level 5 in Dodging
 10249 | D:8      | Bought a scroll of enchant armour for 90 gold pieces
 10249 | D:8      | Bought a scroll of enchant weapon for 90 gold pieces
 10249 | D:8      | Bought a scroll of teleportation for 36 gold pieces
 10374 | D:8      | Noticed Gastronok
 10449 | D:8      | Killed Gastronok
 10449 | D:8      | Reached skill level 11 in Crossbows
 10449 | D:8      | Reached skill level 5 in Armour
 10449 | D:8      | Reached XP level 10. HP: 31/86 MP: 4/10
 10815 | D:8      | Found a burning altar of Makhleb.
 10938 | D:9      | Found a snail-covered altar of Cheibriados.
 10945 | D:9      | Reached ***** piety under Okawaru
 11495 | D:9      | Received a gift from Okawaru
 11571 | D:9      | Reached skill level 1 in Polearms
 12324 | D:9      | Reached skill level 12 in Crossbows
 12852 | D:9      | Noticed Banto's ghost (novice OpTm)
 12866 | D:9      | Killed Banto's ghost
 13096 | D:9      | Reached XP level 11. HP: 92/94 MP: 11/11
 13469 | D:10     | Entered Level 10 of the Dungeon
 13469 | D:10     | Noticed a two-headed ogre
 13611 | D:10     | Noticed a two-headed ogre
 13634 | D:10     | Killed a two-headed ogre
 13634 | D:10     | Received a gift from Okawaru
 14068 | D:10     | Killed a two-headed ogre
 14068 | D:10     | Received a gift from Okawaru
 15226 | D:10     | Gained mutation: You are somewhat resistant to further mutation. [potion of mutation]
 15226 | D:10     | Gained mutation: You have an increased reservoir of magic. (+10% MP) [potion of mutation]
 15299 | Lair:1   | Entered Level 1 of the Lair of Beasts
 15833 | Lair:1   | Received a gift from Okawaru
 15852 | Lair:1   | Got a steaming centaur barding {god gift}
 15853 | Lair:1   | Identified the +3 centaur barding of the Ban {Regen+ Str+3} (Okawaru gifted it to you on level 1 of the Lair of Beasts)
 15950 | Lair:1   | Noticed Harold
 16008 | Lair:1   | Killed Harold
 16008 | Lair:1   | Reached skill level 13 in Crossbows
 17089 | Lair:2   | Found a hole to the Spider Nest.
 17140 | Lair:2   | Reached XP level 12. HP: 82/103 MP: 11/13
 17387 | Lair:2   | Noticed a seven-headed hydra
 17931 | Lair:2   | Killed a seven-headed hydra
 17975 | Lair:2   | Reached ****** piety under Okawaru
 18122 | Lair:2   | Reached skill level 14 in Crossbows
 18147 | Lair:2   | Found a staircase to the Shoals.
 18348 | Lair:2   | Received a gift from Okawaru
 18348 | Lair:2   | Reached skill level 5 in Polearms
 18879 | Lair:3   | Received a gift from Okawaru
 18917 | Lair:3   | Noticed a four-headed hydra
 18924 | Lair:3   | Killed a four-headed hydra
 19166 | Lair:3   | Received a gift from Okawaru
 19169 | Lair:3   | Identified the +4 centaur barding "Wioqo" {*Corrode MR+ Dex+3} (Okawaru gifted it to you on level 3 of the Lair of Beasts)
 19437 | Lair:3   | Noticed a five-headed hydra
 19630 | Lair:3   | Killed a five-headed hydra
 20600 | Lair:4   | Noticed a five-headed hydra
 20637 | Lair:4   | Killed a five-headed hydra
 20637 | Lair:4   | Reached XP level 13. HP: 113/113 MP: 14/14
 21017 | Lair:4   | Reached skill level 15 in Crossbows
 21042 | Lair:4   | Reached skill level 10 in Fighting
 22081 | Lair:4   | Received a gift from Okawaru
 22850 | Lair:4   | Identified a scroll of acquirement
 22853 | Lair:4   | Identified the +6 centaur barding of Sefi {MR+} (Okawaru gifted it to you on level 4 of the Lair of Beasts)
 22886 | Lair:4   | Reached skill level 1 in Invocations
 23445 | Lair:5   | Identified the +8 quarterstaff of Zeosowym {freeze, rElec rF+ MR+ MP+9} (You found it on level 5 of the Lair of Beasts)
 24671 | Lair:6   | Entered Level 6 of the Lair of Beasts
 24713 | Lair:6   | Received a gift from Okawaru
 24959 | Lair:5   | Reached XP level 14. HP: 112/122 MP: 18/18
 25031 | Lair:5   | Reached skill level 16 in Crossbows
 25360 | Lair:6   | Found a viscous altar of Jiyva.
 25361 | Lair:6   | Found a staircase to the Slime Pits.
 25761 | Lair:6   | Found a runed door.
 25926 | Lair:6   | Paralysed by a hornet for 1 turns
 26684 | Lair:6   | Received a gift from Okawaru
 26788 | Lair:6   | Reached skill level 5 in Invocations
 27538 | D:11     | Received a gift from Okawaru
 27829 | D:11     | Noticed Maurice
 27836 | D:11     | Killed Maurice
 28893 | D:11     | Found a staircase to the Orcish Mines.
 29171 | D:12     | Received a gift from Okawaru
 29171 | D:12     | Reached skill level 17 in Crossbows
 29482 | D:12     | Received a gift from Okawaru
 29854 | D:13     | Found a shimmering altar of Xom.
 29868 | D:13     | Found the +3 mace of Variability {chaos}
 30052 | D:13     | Found a gate to the Vaults.
 30072 | D:13     | Reached XP level 15. HP: 115/130 MP: 16/21
 30999 | D:14     | Received a gift from Okawaru
 31185 | D:14     | Found a blossoming altar of Fedhas.
 31527 | D:15     | Entered Level 15 of the Dungeon
 31656 | D:15     | Received a gift from Okawaru
 31657 | D:15     | Got a fine arbalest {god gift}
 31658 | D:15     | Identified the +1 arbalest of Okawaru's Envy {freeze, +Fly Int+2} (Okawaru gifted it to you on level 15 of the Dungeon)
 31784 | D:15     | Paralysed by an orc sorcerer for 3 turns
 32224 | D:15     | Received a gift from Okawaru
 32279 | D:15     | Received a gift from Okawaru
 32378 | D:15     | Found a staircase to the Depths.
 33057 | Orc:1    | Entered Level 1 of the Orcish Mines
 33087 | Orc:1    | Noticed Erolcha
 33094 | Orc:1    | Killed Erolcha
 33120 | Orc:1    | Noticed an orc warlord
 33163 | Orc:1    | Killed an orc warlord
 33163 | Orc:1    | Reached skill level 18 in Crossbows
 33520 | Orc:1    | Found a roughly hewn altar of Beogh.
 33639 | Orc:1    | Paralysed by an orc sorcerer for 5 turns
 33967 | Orc:2    | Entered Level 2 of the Orcish Mines
 33967 | Orc:2    | Found a staircase to the Elven Halls.
 33970 | Orc:2    | Received a gift from Okawaru
 34620 | Orc:2    | Found a radiant altar of Vehumet.
 34787 | Orc:2    | Received a gift from Okawaru
 34831 | Orc:2    | Found Ukeiridu's Food Boutique.
 35020 | Orc:2    | Found Paohetiu's Food Shop.
 35336 | Orc:2    | Reached XP level 16. HP: 134/140 MP: 24/24
 35507 | Orc:1    | Found Weychisa's Antique Armour Boutique.
 35933 | Orc:2    | Found Dico's Gadget Shoppe.
 35933 | Orc:2    | Found a one-way gate leading to the halls of Pandemonium.
 35933 | Orc:2    | Found Ypuon's Antique Weapon Emporium.
 36441 | D:5      | Bought an uncursed ring of poison resistance for 240 gold pieces
 36631 | Spider:1 | Entered Level 1 of the Spider Nest
 36825 | Spider:1 | Reached skill level 10 in Dodging
 36909 | Spider:1 | Noticed Frances
 37088 | Spider:1 | Killed Frances
 37248 | Spider:1 | Noticed Josephine
 37263 | Spider:1 | Killed Josephine
 37906 | Spider:2 | Received a gift from Okawaru
 37906 | Spider:2 | Reached skill level 10 in Armour
 38203 | Spider:2 | Received a gift from Okawaru
 38343 | Spider:2 | Noticed Donald
 38374 | Spider:2 | Killed Donald
 38374 | Spider:2 | Received a gift from Okawaru
 38376 | Spider:2 | Reached skill level 19 in Crossbows
 38570 | Spider:2 | Noticed Louise
 38583 | Spider:2 | Killed Louise
 38583 | Spider:2 | Received a gift from Okawaru
 39407 | Spider:3 | Noticed MirrMurr's ghost (adept SpEn)
 39845 | Spider:3 | Found a frozen archway.
 39916 | IceCv    | Entered an ice cave
 40669 | Spider:3 | Received a gift from Okawaru
 40670 | Spider:3 | Identified the +0 centaur barding of Valour {-Cast rPois rCorr Int+2} (Okawaru gifted it to you on level 3 of the Spider Nest)
 41227 | Spider:3 | Killed MirrMurr's ghost
 41490 | Spider:4 | Entered Level 4 of the Spider Nest
 41630 | Spider:3 | Reached XP level 17. HP: 44/149 MP: 26/26
 42967 | Spider:3 | Reached skill level 10 in Invocations
 43418 | Spider:4 | Noticed Arachne
 44414 | Spider:4 | Killed Arachne
 44414 | Spider:4 | Received a gift from Okawaru
 44810 | Spider:4 | Got a gossamer rune of Zot
 45077 | Spider:4 | Reached skill level 20 in Crossbows
 45663 | Shoals:1 | Entered Level 1 of the Shoals
 45929 | Shoals:1 | Received a gift from Okawaru
 46624 | Shoals:1 | Identified the +9 rapier "Arcanum" {vamp, Str+2 Stlth+} (You found it on level 1 of the Shoals)
 46764 | Shoals:2 | Received a gift from Okawaru
 46839 | Shoals:2 | Noticed Polyphemus
 46907 | Shoals:2 | Received a gift from Okawaru
 46983 | Shoals:2 | Killed Polyphemus
 46999 | Shoals:2 | Received a gift from Okawaru
 47353 | Shoals:2 | Reached XP level 18. HP: 149/159 MP: 28/28
 48542 | Shoals:3 | Noticed Nikola
 48942 | Shoals:3 | Killed Nikola
 49086 | Shoals:3 | Received a gift from Okawaru
 49163 | Shoals:3 | Found the +0 mask of the Dragon {MR+ Slay+3 SInv}
 49245 | Shoals:4 | Entered Level 4 of the Shoals
 49850 | Shoals:4 | Received a gift from Okawaru
 50038 | Shoals:3 | HP: 8/160 [merfolk impaler/trident (4)]
 50612 | Shoals:4 | Found Omyfroc's Antique Armour Shoppe.
 50613 | Shoals:4 | Noticed Ilsuiw
 50621 | Shoals:4 | Killed Ilsuiw
 50621 | Shoals:4 | Reached skill level 21 in Crossbows
 50692 | Shoals:4 | Bought an aquamarine-encrusted chain mail for 294 gold pieces
 50692 | Shoals:4 | Bought a fine scale mail for 279 gold pieces
 50692 | Shoals:4 | Identified the +4 chain mail "Osoxoom" {rF+ Dex+3} (You bought it in a shop on level 4 of the Shoals)
 50693 | Shoals:4 | Identified the +2 scale mail of Impermeability {-Cast rPois Regen+} (You bought it in a shop on level 4 of the Shoals)
 51695 | Shoals:4 | Got a barnacled rune of Zot
 51925 | Vaults:1 | Entered Level 1 of the Vaults
 52378 | Vaults:1 | Received a gift from Okawaru
 52713 | Vaults:1 | Reached XP level 19. HP: 168/168 MP: 30/30
 52784 | Vaults:1 | Received a gift from Okawaru
 53111 | Vaults:1 | Received a gift from Okawaru
 53156 | Vaults:1 | Identified the +6 arbalest of Intimidation {velocity, Str+4} (Okawaru gifted it to you on level 1 of the Vaults)
 54482 | Vaults:2 | Reached skill level 15 in Fighting
 54876 | Vaults:2 | Received a gift from Okawaru
 55104 | Vaults:2 | Identified the +0 centaur barding of the Old World {Dex+7} (You acquired it on level 2 of the Vaults)
 55254 | Vaults:2 | Reached skill level 22 in Crossbows
 55786 | Vaults:3 | Received a gift from Okawaru
 56306 | Vaults:3 | Received a gift from Okawaru
 56689 | Vaults:3 | Received a gift from Okawaru
 57192 | Vaults:3 | Reached XP level 20. HP: 179/179 MP: 31/31
 57444 | Vaults:3 | Received a gift from Okawaru
 58102 | Vaults:3 | Found a staircase to the Crypt.
 59160 | Vaults:4 | Received a gift from Okawaru
 59280 | Vaults:4 | Received a gift from Okawaru
 59343 | Vaults:4 | Reached skill level 23 in Crossbows
 59903 | Vaults:4 | Received a gift from Okawaru
 60081 | Vaults:4 | Received a gift from Okawaru
 60205 | Vaults:4 | Found Boif's Assorted Antiques.
 60213 | Vaults:4 | Bought a scroll of teleportation for 144 gold pieces
 60213 | Vaults:4 | Bought 2 potions of curing for 288 gold pieces
 60517 | Vaults:4 | Found Nato Vij's Antique Weapon Emporium.
 60591 | Vaults:5 | Entered Level 5 of the Vaults
 60819 | Vaults:4 | Reached XP level 21. HP: 122/189 MP: 31/33
 61023 | Vaults:4 | Received a gift from Okawaru
 61140 | Vaults:5 | Noticed a golden dragon
 61145 | Vaults:5 | Found the amulet of the Air {Inacc +Fly rElec EV+5 RMsl}
 61189 | Vaults:5 | Received a gift from Okawaru
 61204 | Vaults:5 | HP: 7/189 [yaktaur captain/bolt (32)]
 61257 | Vaults:5 | Reached skill level 24 in Crossbows
 61646 | Vaults:5 | Received a gift from Okawaru
 62432 | Vaults:5 | Killed a golden dragon
 62839 | Vaults:5 | Noticed Margery
 62848 | Vaults:5 | Killed Margery
 62855 | Vaults:5 | Reached skill level 25 in Crossbows
 63145 | Vaults:5 | Received a gift from Okawaru
 63487 | Vaults:5 | Found the +15 Maxwell's patent armour {-Cast -Tele rElec MR+ rCorr}
 63513 | Vaults:5 | Identified the Grimoire of Wyrd
 63602 | Vaults:5 | Identified the +14 plate armour "Ziots" {*Contam SInv Stlth+} (You found it on level 5 of the Vaults)
 63730 | Vaults:5 | Reached XP level 22. HP: 201/201 MP: 34/34
 64014 | Vaults:5 | Identified the cursed +0 robe "Qihed" {Int+5 Dex-2} (You found it on level 5 of the Vaults)
 64190 | Vaults:5 | Got a silver rune of Zot
 64345 | Vaults:5 | Received a gift from Okawaru
 64394 | Vaults:5 | Found the +6 shillelagh "Devastator" {shatter}
 64399 | Vaults:5 | Identified the Reference Book on Protection
 64783 | Depths:1 | Entered Level 1 of the Depths
 64785 | Depths:1 | Noticed Aizul
 64918 | D:15     | Killed Aizul
 64923 | D:15     | HP: 9/201 [fire dragon/blast of flame (23)]
 64925 | D:15     | Killed from afar by a fire dragon

Vault maps used:
D:1:      lightli_arrival_windingriver
D:2:      minmay_heptomino_l4
D:3:      bloody_trog, gammafunk_temple_overflow_elements, marbit_many_paths
D:4:      grunt_qazlal_clouds
D:5:      serial_shops, shop_fountains, shop_statue, kennysheep_mini,
          first_ration, kennysheep_cluttered_room
D:6:      regret_index_temple_of_mockery, lemuel_doored_altar,
          lemuel_temple_firewalk_b
D:7:      overflow_temple_1_default
D:8:      makhleb_grotto_becter, fiery_altar_vehumet, lair_entry_dummy,
          basic_altar, serial_shops, shop, serial_co_window_serial,
          co_window_corner_a, co_window_corner_a, co_window_of_opportunity_a,
          co_window_paths_b, co_window_paths_a, co_window_corner_ca,
          co_window_broadway_a, co_window_corner_b, co_window_paths_c,
          co_window_4corner_b, glass_columns_b, uniq_gastronok, uniq_psyche,
          uniq_pikel
D:9:      old_standard_altar, david_nohive_1
D:10:     kennysheep_small_spiral
D:11:     erik_orc_2, uniq_maurice
D:12:     serial_column_ruins, column_ruins_open_small, column_ruins_open_small,
          column_ruins_open_small_water, column_ruins_grid_4,
          column_ruins_open_medium
D:13:     david_vaults_2, minmay_guarded_unrand_variability
D:14:     fedhas_altar_1, hangedman_decor_riveting
D:15:     hangedman_depths_entry_civil_slaughter,
          minmay_misc_feat_secret_circle, nooodl_food_tri
Lair:1:   uniq_harold
Lair:2:   elwin_shoals_entry_stream, spider_nest_entry_webs,
          serial_bayou_pond_a, grunt_megastairs_2, serial_bayou_shore_a,
          infiniplex_staircase_pool_2
Lair:3:   nzn_random_ring, lemuel_fruit_fields, infiniplex_staircase_pool
Lair:4:   special_room
Lair:5:   lemuel_fruit_fields
Lair:6:   hangedman_lair_in_review, wormcave, slime_altar_1
Shoals:2: uniq_polyphemus
Shoals:3: uniq_nikola
Shoals:4: shoals_end_grunt_ice, shoals_ilsuiw_ice, serial_shops, shop_statue
Spider:1: uniq_josephine, uniq_frances
Spider:2: spider_trap, nicolae_spider_cling_halls, uniq_donald, uniq_louise
Spider:3: portal_ice_cave_entry_ice_statue_one, hangedman_spider_mandibles
Spider:4: johnstein_spider_rune_arachne_lair
Orc:1:    orc_temple, serial_shops, nicolae_shop_statue_plus, uniq_erolcha
Orc:2:    pf_orc_diabolical, basic_altar
Vaults:1: ontoclasm_vaults_fault, vaults_dpeg_cross,
          nicolae_vaults_border_crossing, nicolae_vaults_angled_halls,
          vaults_room_fours, nicolae_vaults_windows_and_doors_thing,
          nicolae_vaults_mini_display_case, v_alt_pattern_2,
          vaults_dpeg_encased_lava
Vaults:2: v_misc_32, vaults_dpeg_spiral, v_misc_30, ontoclasm_vaults_misaligned,
          grunt_vaults_diagonal, nicolae_vaults_little_squares_4,
          ontoclasm_vaults_shuriken, v_misc_13, vaults_room_hallway,
          v_alt_pattern_6, nicolae_vaults_alarming
Vaults:3: minmay_crypt_entry_skeletal_spiral, hangedman_vaults_stitches,
          ontoclasm_vaults_fire_temple, hangedman_vaults_restitches,
          vaults_room_octagon, v_pattern_4, nicolae_vaults_ninety_degrees,
          vaults_standard_mumra_enter_the_diamond, grunt_vaults_swirl,
          nicolae_vaults_little_ls, vaults_room_pool
Vaults:4: nicolae_vaults_holding_cells, hangedman_vaults_stream,
          nicolae_vaults_specimen_jars, grunt_vaults_twisty, vaults_dpeg_hooks,
          vaults_standard_mumra_lines, nicolae_vaults_theta,
          vaults_dpeg_diagonal, nicolae_vaults_three_branches,
          nicolae_vaults_little_squares_4, hangedman_vaults_capsules,
          serial_shops, shop, shop
Vaults:5: uniq_margery
Depths:1: grunt_hell_entry_dis_old, special_room, guppyfry_shop_earth,
          minmay_shoptagon, uniq_aizul
IceCv:    ice_cave_statue_garden_chambered

Skill      XL: |  1  2  3  4  5  6  7  8  9 10 11 12 13 14 15 16 17 18 19 20 21 |
---------------+----------------------------------------------------------------+-----
Crossbows      | 5 6 7 9 11 12 13 14 15 17 18 19 20 21 22 23 25 | 25.6
Armour         | 1 2 3 5 6 7 8 9 10 11 12 | 12.7
Dodging        | 2 3 4 5 6 7 8 9 10 11 12 | 12.7
Fighting       | 3 4 5 7 8 9 10 11 12 13 14 15 16 17 | 17.9
Polearms       | 2 4 5 6 |  6.6
Invocations    | 3 6 8 9 11 12 | 12.0
Stealth        | |  0.5

Action                   |  1- 3 |  4- 6 |  7- 9 | 10-12 | 13-15 | 16-18 | 19-21 | 22-24 || total
-------------------------+-------+-------+-------+-------+-------+-------+-------+-------++-------
Melee: Short sword       |    88 |    17 |       |       |       |       |       |       ||   105
       Kick              |    13 |    32 |    19 |    89 |   211 |    28 |       |       ||   392
       Dagger            |       |   109 |    43 |   246 |   231 |       |       |       ||   629
       Glaive            |       |       |    34 |    31 |       |       |       |       ||    65
       Quarterstaff      |       |       |       |       |   343 |    78 |       |       ||   421
       Arbalest          |       |       |       |       |       |     3 |       |       ||     3
 Fire: Hand crossbow     |    37 |    75 |   336 |   779 |   148 |       |       |       ||  1375
       Arbalest          |       |       |       |       |  1051 |   812 |       |       ||  1863
       Triple crossbow   |       |       |       |       |       |   698 |  1389 |   131 ||  2218
Throw: Throwing net      |       |       |       |     2 |       |       |       |       ||     2
Invok: Heroism           |       |       |       |     3 |     1 |    17 |     1 |       ||    22
       Finesse           |       |       |       |       |       |     9 |     2 |       ||    11
Evoke: Wand              |       |       |       |     2 |    17 |     3 |       |       ||    22
       Lamp of fire      |       |       |       |       |     3 |     1 |     2 |       ||     6
  Use: Scroll            |       |    12 |     3 |    10 |    12 |    18 |    15 |     4 ||    74
       Potion            |       |       |     3 |    14 |       |    18 |    14 |     1 ||    50
 Stab: Paralysed         |       |       |       |       |     1 |       |       |       ||     1
  Eat: Chunk             |     1 |     6 |    13 |    18 |    33 |    26 |    22 |     2 ||   121
       Ration            |       |     1 |       |     3 |     2 |     6 |     2 |     1 ||    15
Armor: Chain mail        |    73 |    64 |       |       |       |       |       |       ||   137
       Ring mail         |       |    13 |    85 |   339 |       |       |       |       ||   437
       Troll leather arm |       |       |       |    36 |   501 |   564 |    46 |       ||  1147
       Fire dragon scale |       |       |       |       |       |       |   173 |       ||   173
       Plate armour      |       |       |       |       |       |       |     1 |   115 ||   116
Dodge: Dodged            |    19 |    42 |    85 |   404 |   646 |   916 |   398 |    64 ||  2574
       Deflected         |       |       |       |       |       |       |       |     8 ||     8
Block: Other             |       |       |       |       |    22 |   135 |    72 |       ||   229
       Reflection        |       |       |       |       |     3 |     8 |    23 |       ||    34

Table legend:
 A = Spawn XP
 B = Non-spawn XP
 C = Spawn XP percentage of total XP
 D = Spawn monster count
 E = Non-spawn monster count
 F = Spawn count percentage of total count
 G = Total turns spent on level
                    A         B        C        D         E        F      G
               +---------+---------+-------+---------+---------+-------+---------
         Total |       0 |  735295 |   0.0 |       0 |    1729 |   0.0 | 64925
               +---------+---------+-------+---------+---------+-------+---------
           D:1 |       0 |      68 |   0.0 |       0 |      30 |   0.0 |   996
           D:2 |       0 |      64 |   0.0 |       0 |      22 |   0.0 |   766
           D:3 |       0 |     111 |   0.0 |       0 |      27 |   0.0 |  1349
           D:4 |       0 |     132 |   0.0 |       0 |      15 |   0.0 |  1495
           D:5 |       0 |     602 |   0.0 |       0 |      23 |   0.0 |  1987
           D:6 |       0 |    1360 |   0.0 |       0 |      30 |   0.0 |  1808
           D:7 |       0 |    1249 |   0.0 |       0 |      24 |   0.0 |  1468
           D:8 |       0 |    4014 |   0.0 |       0 |      19 |   0.0 |  1906
           D:9 |       0 |    3550 |   0.0 |       0 |      47 |   0.0 |  2444
          D:10 |       0 |    4201 |   0.0 |       0 |      35 |   0.0 |  2128
          D:11 |       0 |    5123 |   0.0 |       0 |      62 |   0.0 |  1314
          D:12 |       0 |    2337 |   0.0 |       0 |      14 |   0.0 |   921
          D:13 |       0 |    9993 |   0.0 |       0 |      48 |   0.0 |  1162
          D:14 |       0 |    3585 |   0.0 |       0 |      11 |   0.0 |   674
          D:15 |       0 |   30448 |   0.0 |       0 |      74 |   0.0 |  1472
        Lair:1 |       0 |    7226 |   0.0 |       0 |      28 |   0.0 |  2266
        Lair:2 |       0 |    7769 |   0.0 |       0 |      30 |   0.0 |  1534
        Lair:3 |       0 |    8816 |   0.0 |       0 |      34 |   0.0 |  1932
        Lair:4 |       0 |   13459 |   0.0 |       0 |      50 |   0.0 |  2615
        Lair:5 |       0 |   13796 |   0.0 |       0 |      49 |   0.0 |  1830
        Lair:6 |       0 |   24574 |   0.0 |       0 |      64 |   0.0 |  1920
      Shoals:1 |       0 |    9984 |   0.0 |       0 |      19 |   0.0 |  1026
      Shoals:2 |       0 |   25536 |   0.0 |       0 |      39 |   0.0 |  1467
      Shoals:3 |       0 |   30129 |   0.0 |       0 |      46 |   0.0 |  1488
      Shoals:4 |       0 |   31359 |   0.0 |       0 |      46 |   0.0 |  2111
      Spider:1 |       0 |   13032 |   0.0 |       0 |      30 |   0.0 |  1063
      Spider:2 |       0 |   15941 |   0.0 |       0 |      36 |   0.0 |  1707
      Spider:3 |       0 |   14131 |   0.0 |       0 |      40 |   0.0 |  2103
      Spider:4 |       0 |   46688 |   0.0 |       0 |      89 |   0.0 |  3281
         Orc:1 |       0 |    9674 |   0.0 |       0 |      54 |   0.0 |  1109
         Orc:2 |       0 |   21477 |   0.0 |       0 |     101 |   0.0 |  2012
      Vaults:1 |       0 |   48425 |   0.0 |       0 |      90 |   0.0 |  2404
      Vaults:2 |       0 |   25344 |   0.0 |       0 |      45 |   0.0 |  1422
      Vaults:3 |       0 |   57141 |   0.0 |       0 |      78 |   0.0 |  3046
      Vaults:4 |       0 |  104991 |   0.0 |       0 |     142 |   0.0 |  2488
      Vaults:5 |       0 |  130954 |   0.0 |       0 |     114 |   0.0 |  3449
      Depths:1 |       0 |     697 |   0.0 |       0 |       2 |   0.0 |    21
         IceCv |       0 |    7315 |   0.0 |       0 |      22 |   0.0 |   741
               +---------+---------+-------+---------+---------+-------+---------
